 Dungeon Crawl Stone Soup version 0.28.0 (webtiles) character file.

Game seed: 10832471350180195679

39 hikkokomori the Firebug (level 3, -3/20 HPs)
             Began as a Gargoyle Fire Elementalist on Feb 14, 2022.
             Slain by a worm (5 damage)
             ... on level 2 of the Dungeon.
             The game lasted 00:02:33 (2739 turns).

hikkokomori the Firebug (GrFE)                      Turns: 2739, Time: 00:02:34

Health: -3/20      AC:  5    Str: 13    XL:     3   Next: 47%
Magic:  6/6        EV: 12    Int: 15    God:
Gold:   56         SH:  0    Dex: 10    Spells: 5/6 levels left

rFire   . . .      SeeInvis .   b - +0 club
rCold   . . .      Faith    .   (no shield)
rNeg    + . .      Spirit   .   a - +0 robe
rPois   ∞          Reflect  .   (no helmet)
rElec   +          Harm     .   (no cloak)
rCorr   .          Rampage  .   (no gloves)
Will    .....                   (no boots)
Stlth   ++........              (no amulet)
HPRegen 0.06/turn               (no ring)
MPRegen 0.10/turn               (no ring)

@: no status effects
A: sickness immunity, AC +3, negative energy resistance 1, electricity
resistance, torment resistance 1, petrification resistance
a: no special abilities


You were on level 2 of the Dungeon.
You visited 1 branch of the dungeon, and saw 3 of its levels.

You collected 56 gold pieces.

Inventory:

Hand Weapons
 b - a +0 club (weapon)
Armour
 a - a +0 robe (worn)
Scrolls
 c - 3 scrolls of teleportation {unknown}
 d - a scroll of enchant armour {unknown}
 e - 3 scrolls of immolation {unknown}
 f - 2 scrolls of identify {unknown}
Potions
 g - a potion of attraction {unknown}


   Skills:
 + Level 1.3 Fighting
 - Level 1.6 Dodging
 - Level 2.2 Stealth
 + Level 2.4 Spellcasting
 + Level 2.0 Conjurations
 + Level 3.4 Fire Magic


You had 5 spell levels left.
You knew the following spells:

 Your Spells              Type           Power      Damage    Failure   Level
a - Foxfire               Conj/Fire      36%        2x1d5     7%          1

Your spell library contained the following spells:

 Spells                   Type           Power      Damage    Failure   Level
 Scorch                   Fire           24%        2d6       8%          2
 Static Discharge         Conj/Air       4%         N/A       22%         2
 Conjure Flame            Conj/Fire      9%         6-21      22%         3
 Inner Flame              Hex/Fire       6%         N/A       32%         3
 Flame Wave               Conj/Fire      9%         2d5       56%         4
 Lightning Bolt           Conj/Air       2%         1d13      98%         5
 Maxwell's Capacitive Co  Air            0%         ∞         100%        8


Dungeon Overview and Level Annotations

Branches:
Dungeon (3/15)

Altars:


Innate Abilities, Weirdness & Mutations

You are immune to sickness and miasma.
Your stone body is resilient. (AC +3)
You are immune to poison.
You resist negative energy. (rN+)
You are resistant to electric shocks. (rElec)
You are resistant to unholy torment.
You are immune to petrification.


Message History

* * * LOW HITPOINT WARNING * * *
A dart slug comes into view.
There is a stone staircase leading down here.
There is a stone staircase leading down here.
You climb downwards.
Found 9 gold pieces and a fuming golden potion.
There is a stone staircase leading up here.
The helpless goblin fails to defend itself.
You hit the goblin.
You kill the goblin!
You start resting.
Magic restored.
You start resting.
HP restored.
You climb upwards.
There is a stone staircase leading down here.
You hit the worm.
The worm is moderately wounded.
The worm barely misses you.
You hit the worm.
The worm is moderately wounded.
The worm barely misses you.
You barely miss the worm.
The worm is lightly wounded.
The worm closely misses you.
You hit the worm.
The worm is moderately wounded.
The worm bites you!
You barely miss the worm.
The worm is moderately wounded.
You hit the worm.
The worm is moderately wounded.
The worm bites you!
* * * LOW HITPOINT WARNING * * *
The dart slug launches a dart at you. The slug dart misses you.
The slug dart hits the worm.
You hit the worm.
The worm is heavily wounded.
The worm bites you.
You die...

#.# #..##.# #.# ##.###..
### ########.# ##..# ##..
#.. .......#.#######..##
#. #.#
.)..†............## .. ..
.........######### #. ##
#######..#
#######..##############..
...............w@w......#
...####...############..#
###.# #.# #.. .#.. . ...
. .#.#


You could see a worm and a dart slug.

Vanquished Creatures
  An adder (D:2)
  2 endoplasms
  A giant cockroach (D:1)
  2 goblins
  2 hobgoblins (D:1)
  3 jackals (D:1)
  5 ball pythons
  3 bats (D:1)
  2 frilled lizards (D:1)
  8 kobolds (D:1)
  A rat (D:1)
30 creatures vanquished.

Vanquished Creatures (others)
  21 foxfires
21 creatures vanquished.

Grand Total: 51 creatures vanquished

Notes
Turn   | Place    | Note
-------+----------+-------------------------------------------
     0 | D:1      | hikkokomori the Gargoyle Fire Elementalist began the quest
                  | for the Orb.
     0 | D:1      | Reached XP level 1. HP: 10/10 MP: 3/3
   643 | D:1      | Reached XP level 2. HP: 16/16 MP: 5/5
  1099 | D:1      | Found a faded altar of an unknown god.
  1404 | D:1      | Reached skill level 1 in Fighting
  1437 | D:1      | Reached XP level 3. HP: 14/20 MP: 6/6
  2739 | D:2      | Slain by a worm

Illustrated notes

Levels and vault maps discovered:
D:1:      lightli_molten_gateway, layout_loops_ring,
          chequers_ecumenical_altar_simple, corexii_hall_statues_t
D:2:      layout_rooms, minmay_pentomino_p2, uniq_natasha, uniq_jessica
D:3:      layout_basic

Skill      XL: |  1  2  3 |
---------------+----------+-----
Fighting       | 1 |  1.3
Conjurations   | 2 |  2.0
Dodging        | |  1.6
Stealth        | |  2.2
Spellcasting   | |  2.4
Fire Magic     | |  3.4

Action                   || total
-------------------------++-------
Melee: Club              ||   153
       Unarmed           ||     1
       Punch             ||     1
 Cast: Foxfire           ||    11
 Stab: Sleeping          ||     4
Armor: Robe              ||    69
Dodge: Dodged            ||   148
